Bruins vs Flames
Created - May 15, 2022 at 21:23
Goals
|
| Bruins |
2 |
1 |
2 |
0 |
0 |
5 |
| Flames |
1 |
0 |
4 |
0 |
1 |
6 |
|
Shots
|
| Bruins |
11 |
10 |
6 |
2 |
3 |
29 |
| Flames |
14 |
5 |
14 |
0 |
2 |
33 |
|
1st period
1. Bruins , Victor Oreskovich 9 (Kevin Hayes 19, Scott Hartnell 10) at 9:29
2. Flames , Alexander Semin 25 (Eric Staal 45, David Backes 48) at 13:02
3. Bruins , Zack Kassian 30 (Jonathan Toews 42, Wojtek Wolski 40) at 17:42
Penalties :
Mikael Backlund (Bos) for Delaying the game (Minor) at 1:02
2nd period
4. Bruins , Wojtek Wolski 27 (Zack Kassian 34, Jason Demers 24) at 17:46
Penalties :
Mikael Backlund (Bos) for Hooking (Minor) at 5:51, Andrei Kostitsyn (Bos) for Hooking (Minor) at 9:44, Josh Manson (Bos) for Interference (Minor) at 18:51
3rd period
5. Bruins , Wojtek Wolski 28 (Josh Manson 8, Zack Kassian 35) at 2:06
6. Flames , David Ullstrom 6 (Kyle Palmieri 7, Tanner Pearson 12) at 3:06
7. Flames , Alexander Semin 26 (David Backes 49, Erik Johnson 39) at 4:38
8. Bruins , Zack Kassian 31 (Wojtek Wolski 41, Jonathan Toews 43) at 11:59 (PP)
9. Flames , Bryan Rust 7 (Colin Wilson 15, David Savard 5) at 14:11
10. Flames , Anders Lee 7 (Sami Vatanen 20, Tanner Pearson 13) at 16:08 (PP)
Penalties :
Colin Wilson (Cal) for Hooking (Minor) at 11:44, Kevin Hayes (Bos) for Holding (Minor) at 14:34, Torey Krug (Bos) for Hooking (Minor) at 16:36
Overtime #1
No Goal
Penalties :
No Penalty
Shootout
Bruins, Wojtek Wolski - Stopped by Henrik Lundqvist
Flames, Eric Staal - Shot Misses the Net
Bruins, Zack Kassian - Stopped by Henrik Lundqvist
Flames, Alexander Semin - Goal!
Bruins, Jonathan Toews - Stopped by Henrik Lundqvist
Penalties :
No Penalty
Goalie Stats
Kevin Poulin (Bos), 28 saves from 33 shots - (0.848), OTL, 33-26-2, 65:00 minutes
Henrik Lundqvist (Cal), 24 saves from 29 shots - (0.828), W, 29-16-5, 65:00 minutes
Players Stats for Bruins
Player Name G A P +/- PIM S H SB GA TA FO MP PP MP PK MP
------------------------------------------------------------------------------------
Adam Pelech 0 0 0 0 0 1 2 3 1 0 0/0 15:39 0:00 2:28
Alex Petrovic 0 0 0 0 0 0 2 1 0 0 0/0 12:32 0:00 0:00
Andreas Athanasiou 0 0 0 0 0 1 0 0 0 1 0/0 6:26 0:00 0:00
Andrei Kostitsyn 0 0 0 0 2 1 7 0 1 0 0/0 15:10 0:00 1:06
Casey Cizikas 0 0 0 0 0 2 2 0 1 0 4/7 14:59 0:00 1:23
Jason Demers 0 1 1 -2 0 4 4 4 0 1 0/0 30:47 0:15 7:23
Jonathan Toews 0 2 2 1 0 1 8 1 2 0 9/23 21:18 0:15 3:34
Josh Manson 0 1 1 2 2 0 2 0 0 0 0/0 20:31 0:00 3:16
Kevin Hayes 0 1 1 -1 2 0 0 1 0 0 2/11 13:16 0:00 0:00
Kris Chucko 0 0 0 0 0 1 0 0 1 0 0/0 7:18 0:00 0:17
Madison Bowey 0 0 0 2 0 0 0 1 1 1 0/0 21:41 0:00 4:06
Matt Read 0 0 0 0 0 2 1 2 0 0 0/0 13:15 0:00 0:00
Mikael Backlund 0 0 0 0 4 0 0 1 0 0 0/0 6:06 0:00 0:00
Scott Hartnell 0 1 1 -1 0 1 0 1 0 1 1/1 18:15 0:00 3:34
Torey Krug 0 0 0 -2 2 0 1 2 0 0 0/0 29:07 0:15 5:45
Victor Oreskovich 1 0 1 -1 0 2 4 0 1 0 1/1 13:17 0:00 0:00
Wojtek Wolski 2 2 4 1 0 7 0 0 0 0 9/15 24:24 0:15 6:32
Zack Kassian 2 2 4 1 0 6 0 3 1 0 0/2 24:24 0:15 6:32
Players Stats for Flames
Player Name G A P +/- PIM S H SB GA TA FO MP PP MP PK MP
------------------------------------------------------------------------------------
Alexander Semin 2 0 2 1 0 5 1 2 0 0 0/1 23:19 6:17 0:00
Anders Lee 1 0 1 0 0 2 0 0 0 1 7/10 18:27 4:42 0:00
Brad Marchand 0 0 0 0 0 2 1 0 1 1 0/0 13:42 0:19 0:00
Brendan Mikkelson 0 0 0 0 0 1 1 1 0 2 0/0 23:10 3:51 0:15
Bryan Rust 1 0 1 -2 0 1 1 0 0 1 0/0 13:43 0:30 0:00
Christian Folin 0 0 0 1 0 0 0 4 0 0 0/0 13:19 0:00 0:00
Colin Wilson 0 1 1 -2 2 3 0 0 0 0 2/6 13:36 0:30 0:00
David Backes 0 2 2 1 0 2 0 0 0 2 4/4 22:45 6:17 0:00
David Savard 0 1 1 1 0 0 0 0 0 0 0/0 13:19 0:00 0:00
David Ullstrom 1 0 1 1 0 2 2 1 0 1 0/0 9:12 0:00 0:00
Eric Staal 0 1 1 1 0 3 0 0 1 0 20/36 23:00 6:17 0:15
Erik Johnson 0 1 1 -1 0 4 0 1 1 1 0/0 30:06 7:38 0:15
Esa Lindell 0 0 0 0 0 0 2 0 0 0 0/0 21:35 3:51 0:00
Jimmy Hayes 0 0 0 0 0 0 1 1 1 0 1/1 17:17 4:42 0:00
Kyle Palmieri 0 1 1 1 0 2 2 0 0 0 0/0 9:27 0:00 0:15
Sami Vatanen 0 1 1 -1 0 2 1 1 0 0 0/0 28:31 7:38 0:00
Tanner Pearson 0 2 2 -2 0 3 2 0 0 0 0/1 16:04 4:53 0:00
Vladimir Sobotka 0 0 0 1 0 1 0 0 0 0 0/1 9:12 0:00 0:00
3 Stars
1 - Zack Kassian (Bos)
2 - Wojtek Wolski (Bos)
3 - Alexander Semin (Cal)
Power Play
Bruins - 1 on 1 Attempt(s) - 100.00%
Flames - 1 on 6 Attempt(s) - 16.67%
Penalty Kill
Bruins - 5 on 6 Attempt(s) - 83.33%
- Score 0 goal in Penalty Kill
Flames - 0 on 1 Attempt(s) - 0.00%
- Score 0 goal in Penalty Kill
Team Stat
Bruins - Hits : 33 - Faceoff Wins : 26 - Blocked Shots : 20 - Penalty Minutes : 12
Flames - Hits : 14 - Faceoff Wins : 34 - Blocked Shots : 11 - Penalty Minutes : 2
Official
Referees : Chris Lee and Trevor Hanson
Linesman : Greg Devorski and Michel Cormier
Game Notes
16:08 of 3rd period - Flames goal is going for a video replay. After video review, Goal.
Finance
Level 1 -- Attendance: 5814 (96.90%) -- Ticket Income $581,400
Level 2 -- Attendance: 5000 (100.00%) -- Ticket Income $300,000
Level 3 -- Attendance: 2000 (100.00%) -- Ticket Income $70,000
Level 4 -- Attendance: 3851 (96.28%) -- Ticket Income $96,275
Luxury Box -- Attendance: 950 (95.00%) -- Ticket Income $190,000
Game was played at the Scotiabank Saddledome.
Total Attendance: 17615 (97.86%)
Total Ticket Income: $1,237,675
Other Income: $185,651
Total Income: $1,423,326
Bruins
5 vs 5 Forward
Center Left Wing Right Wing Time % Phy DF OF
1 Jonathan Toews Wojtek Wolski Zack Kassian 40 1 2 2
2 Kevin Hayes Scott Hartnell Victor Oreskovich 30 1 2 2
3 Casey Cizikas Andrei Kostitsyn Matt Read 20 1 2 2
4 Mikael Backlund Kris Chucko Andreas Athanasiou 10 1 2 2
5 vs 5 Defense
Defense Defense Time % Phy DF OF
1 Jason Demers Torey Krug 40 1 2 2
2 Madison Bowey Josh Manson 30 1 2 2
3 Alex Petrovic Adam Pelech 20 1 2 2
4 Jason Demers Torey Krug 10 1 2 2
PowerPlay Forward
Center Left Wing Right Wing Time % Phy DF OF
1 Jonathan Toews Wojtek Wolski Zack Kassian 60 1 2 2
2 Kevin Hayes Scott Hartnell Victor Oreskovich 40 1 2 2
PowerPlay Defense
Defense Defense Time % Phy DF OF
1 Jason Demers Torey Krug 60 1 2 2
2 Madison Bowey Josh Manson 40 1 2 2
Penalty Kill 4 Players Forward
Center Wing Time % Phy DF OF
1 Wojtek Wolski Zack Kassian 60 1 2 2
2 Jonathan Toews Scott Hartnell 40 1 2 2
Penalty Kill 4 Players Defense
Defense Defense Time % Phy DF OF
1 Jason Demers Torey Krug 60 1 2 2
2 Madison Bowey Josh Manson 40 1 2 2
Penalty Kill - 3 Players Forward
Forward Time % Phy DF OF
1 Wojtek Wolski 60 1 2 2
2 Zack Kassian 40 1 2 2
Penalty Kill - 3 Players Defense
Defense Defense Time % Phy DF OF
1 Jason Demers Torey Krug 60 1 2 2
2 Madison Bowey Josh Manson 40 1 2 2
4 vs 4 Forward
Center Wing Time % Phy DF OF
1 Wojtek Wolski Zack Kassian 60 1 2 2
2 Jonathan Toews Scott Hartnell 40 1 2 2
4 vs 4 Defense
Defense Defense Time % Phy DF OF
1 Jason Demers Torey Krug 60 1 2 2
2 Madison Bowey Josh Manson 40 1 2 2
Last Minutes Offensive
Center Left Wing Right Wing Defense Defense
Jonathan Toews Wojtek Wolski Zack Kassian Jason Demers Torey Krug
Last Minutes Defensive
Center Left Wing Right Wing Defense Defense
Jonathan Toews Wojtek Wolski Zack Kassian Jason Demers Torey Krug
Goaltenders
Starting : Kevin Poulin
Backup : Antti Niemi
Extra Forwards
Normal : Andrei Kostitsyn, Matt Read, Casey Cizikas - PP : Andrei Kostitsyn, Matt Read - PK : Casey Cizikas
Extra Defensemen
Normal : Alex Petrovic, Adam Pelech, Madison Bowey - PP : Alex Petrovic - PK : Adam Pelech, Madison Bowey
Penalty Shots
Wojtek Wolski, Zack Kassian, Jonathan Toews, Scott Hartnell, Kevin Hayes
Scratches
Brendan Smith (Healthy), Brett Kulak (Healthy)
Flames
5 vs 5 Forward
Center Left Wing Right Wing Time % Phy DF OF
1 Eric Staal Alexander Semin David Backes 40 1 2 2
2 Anders Lee Brad Marchand Jimmy Hayes 30 1 2 2
3 Colin Wilson Tanner Pearson Bryan Rust 20 1 2 2
4 Vladimir Sobotka David Ullstrom Kyle Palmieri 10 1 2 2
5 vs 5 Defense
Defense Defense Time % Phy DF OF
1 Erik Johnson Sami Vatanen 40 1 2 2
2 Esa Lindell Brendan Mikkelson 31 1 2 2
3 David Savard Christian Folin 22 1 2 2
4 Erik Johnson Brendan Mikkelson 7 1 2 2
PowerPlay Forward
Center Left Wing Right Wing Time % Phy DF OF
1 Eric Staal Alexander Semin David Backes 60 1 1 3
2 Anders Lee Tanner Pearson Jimmy Hayes 40 1 2 2
PowerPlay Defense
Defense Defense Time % Phy DF OF
1 Erik Johnson Sami Vatanen 60 1 1 3
2 Esa Lindell Brendan Mikkelson 40 1 2 2
Penalty Kill 4 Players Forward
Center Wing Time % Phy DF OF
1 Vladimir Sobotka Bryan Rust 60 1 2 2
2 Eric Staal Kyle Palmieri 40 1 2 2
Penalty Kill 4 Players Defense
Defense Defense Time % Phy DF OF
1 Erik Johnson Brendan Mikkelson 60 1 2 2
2 David Savard Christian Folin 40 1 2 2
Penalty Kill - 3 Players Forward
Forward Time % Phy DF OF
1 Eric Staal 60 1 2 2
2 Bryan Rust 40 1 2 2
Penalty Kill - 3 Players Defense
Defense Defense Time % Phy DF OF
1 Erik Johnson Brendan Mikkelson 60 1 2 2
2 David Savard Christian Folin 40 1 2 2
4 vs 4 Forward
Center Wing Time % Phy DF OF
1 Eric Staal David Backes 60 1 2 2
2 Colin Wilson Alexander Semin 40 1 2 2
4 vs 4 Defense
Defense Defense Time % Phy DF OF
1 Erik Johnson Sami Vatanen 60 1 2 2
2 Esa Lindell Brendan Mikkelson 40 1 2 2
Last Minutes Offensive
Center Left Wing Right Wing Defense Defense
Eric Staal Alexander Semin David Backes Erik Johnson Sami Vatanen
Last Minutes Defensive
Center Left Wing Right Wing Defense Defense
Eric Staal Alexander Semin David Backes Erik Johnson Sami Vatanen
Goaltenders
Starting : Henrik Lundqvist
Backup : Christopher Gibson
Extra Forwards
Normal : Alexander Semin, Bryan Rust, Colin Wilson - PP : Tanner Pearson, Colin Wilson - PK : Alexander Semin
Extra Defensemen
Normal : Esa Lindell, Christian Folin, Brendan Mikkelson - PP : Esa Lindell - PK : Christian Folin, Brendan Mikkelson
Penalty Shots
Eric Staal, Alexander Semin, Tanner Pearson, Jimmy Hayes, David Backes
Scratches
Colby Robak (Suspend), Patrik Berglund (Bruised Right Leg Injury), Tyler Shattock (Healthy)
% Time on Ice - Bruins
Lines # - Real PCT - Wanted PCT - Time Play
Normal Forward
1 - 36% - 40% - 17:37
2 - 28% - 30% - 13:24
3 - 23% - 20% - 11:17
4 - 12% - 10% - 5:58
Normal Defense
1 - 39% - 40% - 19:03
2 - 33% - 30% - 15:45
3 - 24% - 20% - 11:30
4 - 4% - 10% - 1:58
PP Forward
1 - 100% - 60% - 0:15
2 - 0% - 40% - 0:00
PP Defense
1 - 100% - 60% - 0:15
2 - 0% - 40% - 0:00
PK Forward
1 - 69% - 60% - 7:55
2 - 31% - 40% - 3:34
PK Defense
1 - 64% - 60% - 7:23
2 - 36% - 40% - 4:06
PK3 Forward
1 - 0% - 60%
2 - 0% - 40%
PK3 Defense
1 - 0% - 60%
2 - 0% - 40%
44 Forward
1 - 74% - 60% - 3:43
2 - 26% - 40% - 1:17
44 Defense
1 - 63% - 60% - 3:10
2 - 37% - 40% - 1:50
Last Minute Offensive - 0:00
Last Minute Defensive - 0:00
Total
Forward - 65:00
Defense - 65:00
|
% Time on Ice - Flames
Lines # - Real PCT - Wanted PCT - Time Play
Normal Forward
1 - 31% - 40% - 15:11
2 - 27% - 30% - 12:49
3 - 23% - 20% - 11:04
4 - 19% - 10% - 9:12
Normal Defense
1 - 39% - 40% - 18:40
2 - 32% - 31% - 15:40
3 - 26% - 22% - 12:36
4 - 3% - 7% - 1:20
PP Forward
1 - 57% - 60% - 6:36
2 - 43% - 40% - 4:53
PP Defense
1 - 66% - 60% - 7:38
2 - 34% - 40% - 3:51
PK Forward
1 - 0% - 60% - 0:00
2 - 100% - 40% - 0:15
PK Defense
1 - 100% - 60% - 0:15
2 - 0% - 40% - 0:00
PK3 Forward
1 - 0% - 60%
2 - 0% - 40%
PK3 Defense
1 - 0% - 60%
2 - 0% - 40%
44 Forward
1 - 93% - 60% - 4:39
2 - 7% - 40% - 0:21
44 Defense
1 - 59% - 60% - 2:56
2 - 41% - 40% - 2:04
Last Minute Offensive - 0:00
Last Minute Defensive - 0:00
Total
Forward - 65:00
Defense - 65:00
|
Play-by-Play
1st period
0:01 of 1st period - Eric Staal wins face-off versus Jonathan Toews in neutral zone.
0:10 of 1st period - Slapshot by Eric Staal.
0:10 of 1st period - Stopped by Kevin Poulin without a rebound.
0:11 of 1st period - Anders Lee wins face-off versus Kevin Hayes in Bruins zone.
1:02 of 1st period - Minor Penalty to Mikael Backlund for Delaying the game.
1:03 of 1st period - Wojtek Wolski wins face-off versus Eric Staal in Bruins zone.
1:11 of 1st period - Snap shot by Sami Vatanen.
1:11 of 1st period - Shot Blocked by Jason Demers.
3:02 of 1st period - Penalty to Mikael Backlund is over, Mikael Backlund is back on ice.
3:05 of 1st period - Josh Manson is hit by Tanner Pearson and loses puck.
3:39 of 1st period - Snap shot by Colin Wilson.
3:39 of 1st period - Stopped by Kevin Poulin with a rebound.
3:41 of 1st period - Wrist shot by Colin Wilson.
3:41 of 1st period - Stopped by Kevin Poulin with a rebound.
4:05 of 1st period - Eric Staal is hit by Victor Oreskovich.
5:16 of 1st period - Jimmy Hayes is hit by Jason Demers and loses puck.
6:03 of 1st period - Snap shot by Kevin Hayes.
6:03 of 1st period - Shot Misses the Net.
6:13 of 1st period - Anders Lee is hit by Andrei Kostitsyn and loses puck.
6:35 of 1st period - Snap shot by Zack Kassian.
6:35 of 1st period - Shot Blocked by Jimmy Hayes.
6:53 of 1st period - Slapshot by Erik Johnson.
6:53 of 1st period - Stopped by Kevin Poulin with a rebound.
6:55 of 1st period - Slapshot by Brad Marchand.
6:55 of 1st period - Stopped by Kevin Poulin without a rebound.
6:56 of 1st period - Eric Staal wins face-off versus Jonathan Toews in Bruins zone.
7:35 of 1st period - Wrist shot by Matt Read.
7:35 of 1st period - Stopped by Henrik Lundqvist with a rebound.
7:37 of 1st period - Wrist shot by Matt Read.
7:37 of 1st period - Stopped by Henrik Lundqvist without a rebound.
7:38 of 1st period - Kevin Hayes wins face-off versus Colin Wilson in Flames zone.
7:55 of 1st period - Snap shot by Bryan Rust.
7:55 of 1st period - Shot Hit the Post.
8:05 of 1st period - Wojtek Wolski is hit by Kyle Palmieri and loses puck.
8:17 of 1st period - Snap shot by Wojtek Wolski.
8:17 of 1st period - Shot Blocked by Christian Folin.
8:56 of 1st period - Off-side.
8:57 of 1st period - Wojtek Wolski wins face-off versus Eric Staal in neutral zone.
9:00 of 1st period - Slapshot by Jason Demers.
9:00 of 1st period - Shot Blocked by Sami Vatanen.
9:22 of 1st period - Tanner Pearson is hit by Victor Oreskovich and loses puck.
9:29 of 1st period - Wrist shot by Victor Oreskovich.
9:29 of 1st period - Goal by Victor Oreskovich - Bruins : 1 - Flames : 0.
9:30 of 1st period - Jonathan Toews wins face-off versus Eric Staal in neutral zone.
9:33 of 1st period - Wrist shot by Wojtek Wolski.
9:33 of 1st period - Shot Misses the Net.
9:35 of 1st period - Snap shot by Jonathan Toews.
9:35 of 1st period - Shot Misses the Net.
9:37 of 1st period - Snap shot by Zack Kassian.
9:37 of 1st period - Shot Misses the Net.
9:39 of 1st period - Snap shot by Zack Kassian.
9:39 of 1st period - Shot Misses the Net.
9:47 of 1st period - Backhand shot by Wojtek Wolski.
9:47 of 1st period - Shot Misses the Net.
10:15 of 1st period - Icing by Scott Hartnell.
10:16 of 1st period - Victor Oreskovich wins face-off versus Colin Wilson in Bruins zone.
10:16 of 1st period - Victor Oreskovich is hit by Bryan Rust.
10:39 of 1st period - Icing by Zack Kassian.
10:40 of 1st period - Eric Staal wins face-off versus Jonathan Toews in Bruins zone.
10:53 of 1st period - Backhand shot by Torey Krug.
10:53 of 1st period - Shot Misses the Net.
10:55 of 1st period - Slapshot by Torey Krug.
10:55 of 1st period - Shot Blocked by Alexander Semin.
10:57 of 1st period - Slapshot by Jonathan Toews.
10:57 of 1st period - Deflect By Zack Kassian.
10:57 of 1st period - Stopped by Henrik Lundqvist with a rebound.
10:59 of 1st period - Slapshot by Wojtek Wolski.
10:59 of 1st period - Stopped by Henrik Lundqvist without a rebound.
11:00 of 1st period - Anders Lee wins face-off versus Kevin Hayes in Flames zone.
11:10 of 1st period - Erik Johnson is hit by Josh Manson and loses puck.
11:54 of 1st period - Snap shot by Zack Kassian.
11:54 of 1st period - Stopped by Henrik Lundqvist with a rebound.
11:56 of 1st period - Snap shot by Wojtek Wolski.
11:56 of 1st period - Stopped by Henrik Lundqvist without a rebound.
11:57 of 1st period - Jonathan Toews wins face-off versus Eric Staal in Flames zone.
12:06 of 1st period - Wrist shot by Zack Kassian.
12:06 of 1st period - Stopped by Henrik Lundqvist without a rebound.
12:07 of 1st period - Eric Staal wins face-off versus Jonathan Toews in Flames zone.
12:14 of 1st period - Wrist shot by Jonathan Toews.
12:14 of 1st period - Shot Blocked by Alexander Semin.
12:30 of 1st period - Wrist shot by David Backes.
12:30 of 1st period - Shot Blocked by Zack Kassian.
12:52 of 1st period - Snap shot by Zack Kassian.
12:52 of 1st period - Shot Misses the Net.
13:00 of 1st period - Slapshot by Alexander Semin.
13:00 of 1st period - Shot Misses the Net.
13:02 of 1st period - Wrist shot by Eric Staal.
13:02 of 1st period - Deflect By Alexander Semin.
13:02 of 1st period - Goal by Alexander Semin - Bruins : 1 - Flames : 1.
13:03 of 1st period - Anders Lee wins face-off versus Kevin Hayes in neutral zone.
13:55 of 1st period - Christian Folin is hit by Casey Cizikas and loses puck.
14:26 of 1st period - Christian Folin is hit by Casey Cizikas and loses puck.
14:33 of 1st period - Josh Manson is hit by David Ullstrom and loses puck.
14:42 of 1st period - Wrist shot by Kyle Palmieri.
14:42 of 1st period - Stopped by Kevin Poulin with a rebound.
14:46 of 1st period - Snap shot by David Ullstrom.
14:46 of 1st period - Stopped by Kevin Poulin with a rebound.
15:22 of 1st period - Snap shot by Casey Cizikas.
15:22 of 1st period - Stopped by Henrik Lundqvist without a rebound.
15:23 of 1st period - David Backes wins face-off versus Kevin Hayes in Flames zone.
15:38 of 1st period - Snap shot by Victor Oreskovich.
15:38 of 1st period - Shot Misses the Net.
15:48 of 1st period - Jimmy Hayes is hit by Jonathan Toews and loses puck.
16:16 of 1st period - Snap shot by Tanner Pearson.
16:16 of 1st period - Shot Blocked by Adam Pelech.
16:18 of 1st period - Slapshot by Tanner Pearson.
16:18 of 1st period - Shot Misses the Net.
16:38 of 1st period - Slapshot by Victor Oreskovich.
16:38 of 1st period - Stopped by Henrik Lundqvist without a rebound.
16:39 of 1st period - Anders Lee wins face-off versus Jonathan Toews in Flames zone.
16:39 of 1st period - Anders Lee is hit by Jonathan Toews.
16:54 of 1st period - Snap shot by Jimmy Hayes.
16:54 of 1st period - Shot Misses the Net.
17:23 of 1st period - Tanner Pearson is hit by Jonathan Toews and loses puck.
17:42 of 1st period - Snap shot by Zack Kassian.
17:42 of 1st period - Goal by Zack Kassian - Bruins : 2 - Flames : 1.
17:43 of 1st period - Eric Staal wins face-off versus Kevin Hayes in neutral zone.
17:46 of 1st period - Slapshot by Sami Vatanen.
17:46 of 1st period - Stopped by Kevin Poulin with a rebound.
18:00 of 1st period - Backhand shot by Sami Vatanen.
18:00 of 1st period - Deflect By David Backes.
18:00 of 1st period - Shot Blocked by Torey Krug.
18:00 of 1st period - Puck is out of play.
18:01 of 1st period - Jimmy Hayes wins face-off versus Casey Cizikas in Bruins zone.
18:16 of 1st period - Slapshot by Brad Marchand.
18:16 of 1st period - Stopped by Kevin Poulin with a rebound.
18:23 of 1st period - Icing by Jason Demers.
18:24 of 1st period - Casey Cizikas wins face-off versus Alexander Semin in Bruins zone.
18:35 of 1st period - Snap shot by David Backes.
18:35 of 1st period - Stopped by Kevin Poulin without a rebound.
18:36 of 1st period - Eric Staal wins face-off versus Kevin Hayes in Bruins zone.
18:37 of 1st period - Snap shot by David Backes.
18:37 of 1st period - Shot Misses the Net.
18:39 of 1st period - Snap shot by Alexander Semin.
18:39 of 1st period - Stopped by Kevin Poulin with a rebound.
18:41 of 1st period - Wrist shot by David Backes.
18:41 of 1st period - Stopped by Kevin Poulin with a rebound.
18:43 of 1st period - Snap shot by David Backes.
18:43 of 1st period - Shot Misses the Net.
18:51 of 1st period - Slapshot by Alexander Semin.
18:51 of 1st period - Shot Blocked by Scott Hartnell.
18:53 of 1st period - Slapshot by Erik Johnson.
18:53 of 1st period - Stopped by Kevin Poulin without a rebound.
18:54 of 1st period - Jonathan Toews wins face-off versus Anders Lee in Bruins zone.
19:00 of 1st period - Icing by Sami Vatanen.
19:01 of 1st period - Jonathan Toews wins face-off versus Anders Lee in Flames zone.
19:53 of 1st period - Snap shot by David Ullstrom.
19:53 of 1st period - Shot Misses the Net.
19:55 of 1st period - Slapshot by Kyle Palmieri.
19:55 of 1st period - Shot Misses the Net.
Goals for this period are 2 for Bruins vs 1 for Flames.
Shots for this period are 11 for Bruins vs 14 for Flames.
2nd period
0:01 of 2nd period - Eric Staal wins face-off versus Jonathan Toews in neutral zone.
0:13 of 2nd period - Eric Staal is hit by Jonathan Toews and loses puck.
1:43 of 2nd period - Mikael Backlund is hit by David Ullstrom.
2:01 of 2nd period - Slapshot by Wojtek Wolski.
2:01 of 2nd period - Stopped by Henrik Lundqvist with a rebound.
2:03 of 2nd period - Snap shot by Zack Kassian.
2:03 of 2nd period - Shot Blocked by Christian Folin.
2:05 of 2nd period - Wrist shot by Jason Demers.
2:05 of 2nd period - Stopped by Henrik Lundqvist with a rebound.
2:07 of 2nd period - Snap shot by Jonathan Toews.
2:07 of 2nd period - Shot Misses the Net.
2:09 of 2nd period - Slapshot by Wojtek Wolski.
2:09 of 2nd period - Stopped by Henrik Lundqvist without a rebound.
2:10 of 2nd period - Eric Staal wins face-off versus Kevin Hayes in Flames zone.
2:51 of 2nd period - Jonathan Toews is hit by Jimmy Hayes.
2:58 of 2nd period - Icing by Torey Krug.
2:59 of 2nd period - Colin Wilson wins face-off versus Casey Cizikas in Bruins zone.
3:04 of 2nd period - Snap shot by Tanner Pearson.
3:04 of 2nd period - Stopped by Kevin Poulin with a rebound.
3:23 of 2nd period - Off-side.
3:24 of 2nd period - Kevin Hayes wins face-off versus Eric Staal in neutral zone.
3:38 of 2nd period - Off-side.
3:39 of 2nd period - Wojtek Wolski wins face-off versus Anders Lee in neutral zone.
4:34 of 2nd period - Slapshot by Jason Demers.
4:34 of 2nd period - Stopped by Henrik Lundqvist with a rebound.
4:36 of 2nd period - Slapshot by Jason Demers.
4:36 of 2nd period - Stopped by Henrik Lundqvist without a rebound.
4:37 of 2nd period - Anders Lee wins face-off versus Jonathan Toews in Flames zone.
4:50 of 2nd period - Wrist shot by Anders Lee.
4:50 of 2nd period - Stopped by Kevin Poulin with a rebound.
5:04 of 2nd period - Madison Bowey is hit by Alexander Semin.
5:14 of 2nd period - Snap shot by Alexander Semin.
5:14 of 2nd period - Stopped by Kevin Poulin with a rebound.
5:16 of 2nd period - Slapshot by Alexander Semin.
5:16 of 2nd period - Stopped by Kevin Poulin with a rebound.
5:30 of 2nd period - Tanner Pearson is hit by Andrei Kostitsyn and loses puck.
5:49 of 2nd period - Wrist shot by Kyle Palmieri.
5:49 of 2nd period - Shot Blocked by Mikael Backlund.
5:51 of 2nd period - Minor Penalty to Mikael Backlund for Hooking.
5:52 of 2nd period - Eric Staal wins face-off versus Wojtek Wolski in Bruins zone.
6:19 of 2nd period - Erik Johnson is hit by Jason Demers and loses puck.
7:31 of 2nd period - Alexander Semin is hit by Andrei Kostitsyn and loses puck.
7:40 of 2nd period - Snap shot by Andrei Kostitsyn.
7:40 of 2nd period - Stopped by Henrik Lundqvist without a rebound.
7:41 of 2nd period - Anders Lee wins face-off versus Zack Kassian in Flames zone.
7:51 of 2nd period - Penalty to Mikael Backlund is over, Mikael Backlund is back on ice.
8:10 of 2nd period - Christian Folin is hit by Adam Pelech and loses puck.
8:52 of 2nd period - Slapshot by Jason Demers.
8:52 of 2nd period - Stopped by Henrik Lundqvist with a rebound.
9:22 of 2nd period - Off-side.
9:23 of 2nd period - Colin Wilson wins face-off versus Casey Cizikas in neutral zone.
9:44 of 2nd period - Minor Penalty to Andrei Kostitsyn for Hooking.
9:45 of 2nd period - Wojtek Wolski wins face-off versus Eric Staal in Bruins zone.
9:56 of 2nd period - Slapshot by Zack Kassian.
9:56 of 2nd period - Shot Misses the Net.
9:58 of 2nd period - Snap shot by Zack Kassian.
9:58 of 2nd period - Deflect By David Backes.
9:58 of 2nd period - Shot Misses the Net.
9:58 of 2nd period - Puck is out of play.
9:59 of 2nd period - Eric Staal wins face-off versus Wojtek Wolski in Flames zone.
10:12 of 2nd period - Snap shot by Eric Staal.
10:12 of 2nd period - Shot Misses the Net.
11:44 of 2nd period - Penalty to Andrei Kostitsyn is over, Andrei Kostitsyn is back on ice.
11:59 of 2nd period - Snap shot by Casey Cizikas.
11:59 of 2nd period - Stopped by Henrik Lundqvist with a rebound.
12:35 of 2nd period - David Ullstrom is hit by Andrei Kostitsyn.
13:18 of 2nd period - Adam Pelech is hit by Esa Lindell and loses puck.
14:10 of 2nd period - Slapshot by Adam Pelech.
14:10 of 2nd period - Shot Blocked by Erik Johnson.
14:13 of 2nd period - Icing by Erik Johnson.
14:14 of 2nd period - Scott Hartnell wins face-off versus Colin Wilson in Flames zone.
14:39 of 2nd period - Brendan Mikkelson is hit by Jonathan Toews and loses puck.
14:49 of 2nd period - Snap shot by Zack Kassian.
14:49 of 2nd period - Stopped by Henrik Lundqvist with a rebound.
15:07 of 2nd period - Jason Demers is hit by Brad Marchand and loses puck.
15:20 of 2nd period - David Ullstrom is hit by Andrei Kostitsyn and loses puck.
15:36 of 2nd period - Sami Vatanen is hit by Alex Petrovic and loses puck.
15:43 of 2nd period - David Ullstrom is hit by Adam Pelech and loses puck.
16:34 of 2nd period - Brendan Mikkelson is hit by Torey Krug and loses puck.
16:51 of 2nd period - Slapshot by Casey Cizikas.
16:51 of 2nd period - Shot Blocked by Brendan Mikkelson.
17:03 of 2nd period - Wrist shot by David Ullstrom.
17:03 of 2nd period - Shot Blocked by Matt Read.
17:05 of 2nd period - Slapshot by Brendan Mikkelson.
17:05 of 2nd period - Stopped by Kevin Poulin with a rebound.
17:07 of 2nd period - Snap shot by David Ullstrom.
17:07 of 2nd period - Shot Blocked by Matt Read.
17:09 of 2nd period - Snap shot by Esa Lindell.
17:09 of 2nd period - Deflect By Kyle Palmieri.
17:09 of 2nd period - Shot Misses the Net.
17:09 of 2nd period - Puck is out of play.
17:10 of 2nd period - Jonathan Toews wins face-off versus Eric Staal in Bruins zone.
17:46 of 2nd period - Snap shot by Wojtek Wolski.
17:46 of 2nd period - Goal by Wojtek Wolski - Bruins : 3 - Flames : 1.
17:47 of 2nd period - Eric Staal wins face-off versus Kevin Hayes in neutral zone.
17:47 of 2nd period - Eric Staal is hit by Victor Oreskovich.
18:51 of 2nd period - Minor Penalty to Josh Manson for Interference.
18:52 of 2nd period - Wojtek Wolski wins face-off versus Eric Staal in Bruins zone.
19:07 of 2nd period - Slapshot by Eric Staal.
19:07 of 2nd period - Shot Misses the Net.
Goals for this period are 1 for Bruins vs 0 for Flames.
Shots for this period are 10 for Bruins vs 5 for Flames.
3rd period
0:01 of 3rd period - Eric Staal wins face-off versus Wojtek Wolski in neutral zone.
0:35 of 3rd period - Off-side.
0:36 of 3rd period - Jonathan Toews wins face-off versus Eric Staal in neutral zone.
0:39 of 3rd period - Eric Staal is hit by Jonathan Toews and loses puck.
0:51 of 3rd period - Penalty to Josh Manson is over, Josh Manson is back on ice.
1:50 of 3rd period - Snap shot by Wojtek Wolski.
1:50 of 3rd period - Stopped by Henrik Lundqvist without a rebound.
1:51 of 3rd period - Jonathan Toews wins face-off versus Eric Staal in Flames zone.
2:04 of 3rd period - Slapshot by Zack Kassian.
2:04 of 3rd period - Shot Misses the Net.
2:06 of 3rd period - Slapshot by Josh Manson.
2:06 of 3rd period - Deflect By Wojtek Wolski.
2:06 of 3rd period - Goal by Wojtek Wolski - Bruins : 4 - Flames : 1.
2:07 of 3rd period - Eric Staal wins face-off versus Jonathan Toews in neutral zone.
2:10 of 3rd period - Slapshot by Sami Vatanen.
2:10 of 3rd period - Shot Misses the Net.
2:42 of 3rd period - Slapshot by Brad Marchand.
2:42 of 3rd period - Shot Blocked by Torey Krug.
3:06 of 3rd period - Slapshot by David Ullstrom.
3:06 of 3rd period - Goal by David Ullstrom - Bruins : 4 - Flames : 2.
3:07 of 3rd period - Eric Staal wins face-off versus Jonathan Toews in neutral zone.
3:16 of 3rd period - Snap shot by Alexander Semin.
3:16 of 3rd period - Shot Blocked by Zack Kassian.
4:16 of 3rd period - Backhand shot by Matt Read.
4:16 of 3rd period - Shot Blocked by David Ullstrom.
4:18 of 3rd period - Slapshot by Madison Bowey.
4:18 of 3rd period - Shot Blocked by Christian Folin.
4:20 of 3rd period - Wrist shot by Matt Read.
4:20 of 3rd period - Deflect By Andrei Kostitsyn.
4:20 of 3rd period - Shot Misses the Net.
4:20 of 3rd period - Puck is out of play.
4:21 of 3rd period - Eric Staal wins face-off versus Wojtek Wolski in Flames zone.
4:34 of 3rd period - Slapshot by David Backes.
4:34 of 3rd period - Shot Blocked by Jason Demers.
4:36 of 3rd period - Wrist shot by Alexander Semin.
4:36 of 3rd period - Shot Blocked by Jonathan Toews.
4:38 of 3rd period - Slapshot by Alexander Semin.
4:38 of 3rd period - Goal by Alexander Semin - Bruins : 4 - Flames : 3.
4:39 of 3rd period - Eric Staal wins face-off versus Jonathan Toews in neutral zone.
5:38 of 3rd period - Snap shot by Colin Wilson.
5:38 of 3rd period - Shot Blocked by Alex Petrovic.
5:40 of 3rd period - Snap shot by Tanner Pearson.
5:40 of 3rd period - Shot Misses the Net.
5:56 of 3rd period - Snap shot by Kris Chucko.
5:56 of 3rd period - Stopped by Henrik Lundqvist with a rebound.
5:58 of 3rd period - Slapshot by Adam Pelech.
5:58 of 3rd period - Stopped by Henrik Lundqvist without a rebound.
5:59 of 3rd period - David Backes wins face-off versus Wojtek Wolski in Flames zone.
7:31 of 3rd period - Mikael Backlund is hit by Esa Lindell and loses puck.
8:12 of 3rd period - Slapshot by Esa Lindell.
8:12 of 3rd period - Deflect By David Ullstrom.
8:12 of 3rd period - Shot Blocked by Jason Demers.
8:12 of 3rd period - Puck is out of play.
8:13 of 3rd period - Casey Cizikas wins face-off versus Vladimir Sobotka in Bruins zone.
8:18 of 3rd period - Slapshot by Kyle Palmieri.
8:18 of 3rd period - Stopped by Kevin Poulin with a rebound.
8:20 of 3rd period - Snap shot by Vladimir Sobotka.
8:20 of 3rd period - Stopped by Kevin Poulin with a rebound.
8:22 of 3rd period - Slapshot by Sami Vatanen.
8:22 of 3rd period - Shot Misses the Net.
8:24 of 3rd period - Wrist shot by Vladimir Sobotka.
8:24 of 3rd period - Shot Misses the Net.
8:26 of 3rd period - Slapshot by Erik Johnson.
8:26 of 3rd period - Shot Blocked by Madison Bowey.
8:28 of 3rd period - Snap shot by Sami Vatanen.
8:28 of 3rd period - Stopped by Kevin Poulin without a rebound.
8:29 of 3rd period - Eric Staal wins face-off versus Jonathan Toews in Bruins zone.
9:25 of 3rd period - Snap shot by Mikael Backlund.
9:25 of 3rd period - Deflect By Andreas Athanasiou.
9:25 of 3rd period - Stopped by Henrik Lundqvist without a rebound.
9:26 of 3rd period - Eric Staal wins face-off versus Jonathan Toews in Flames zone.
10:15 of 3rd period - Colin Wilson is hit by Alex Petrovic and loses puck.
10:22 of 3rd period - Scott Hartnell is hit by Tanner Pearson and loses puck.
10:31 of 3rd period - Wrist shot by Colin Wilson.
10:31 of 3rd period - Shot Misses the Net.
10:33 of 3rd period - Slapshot by Christian Folin.
10:33 of 3rd period - Shot Misses the Net.
10:35 of 3rd period - Snap shot by Tanner Pearson.
10:35 of 3rd period - Shot Misses the Net.
10:37 of 3rd period - Slapshot by David Savard.
10:37 of 3rd period - Shot Blocked by Kevin Hayes.
10:39 of 3rd period - Wrist shot by Colin Wilson.
10:39 of 3rd period - Stopped by Kevin Poulin with a rebound.
10:41 of 3rd period - Slapshot by Christian Folin.
10:41 of 3rd period - Shot Blocked by Adam Pelech.
10:57 of 3rd period - Snap shot by Bryan Rust.
10:57 of 3rd period - Shot Misses the Net.
11:44 of 3rd period - Minor Penalty to Colin Wilson for Hooking.
11:45 of 3rd period - Jonathan Toews wins face-off versus Eric Staal in Flames zone.
11:59 of 3rd period - Snap shot by Zack Kassian.
11:59 of 3rd period - Goal by Zack Kassian - Bruins : 5 - Flames : 3.
12:00 of 3rd period - Jonathan Toews wins face-off versus Eric Staal in neutral zone.
13:28 of 3rd period - Mikael Backlund is hit by Kyle Palmieri and loses puck.
14:11 of 3rd period - Wrist shot by Colin Wilson.
14:11 of 3rd period - Deflect By Bryan Rust.
14:11 of 3rd period - Goal by Bryan Rust - Bruins : 5 - Flames : 4.
14:12 of 3rd period - Eric Staal wins face-off versus Kevin Hayes in neutral zone.
14:28 of 3rd period - David Backes is hit by Victor Oreskovich.
14:34 of 3rd period - Minor Penalty to Kevin Hayes for Holding.
14:35 of 3rd period - Wojtek Wolski wins face-off versus Eric Staal in Bruins zone.
14:39 of 3rd period - Off-side.
14:40 of 3rd period - Wojtek Wolski wins face-off versus Eric Staal in neutral zone.
15:11 of 3rd period - Slapshot by Tanner Pearson.
15:11 of 3rd period - Stopped by Kevin Poulin without a rebound.
15:12 of 3rd period - Wojtek Wolski wins face-off versus Tanner Pearson in Bruins zone.
15:58 of 3rd period - Slapshot by Erik Johnson.
15:58 of 3rd period - Stopped by Kevin Poulin without a rebound.
15:59 of 3rd period - Anders Lee wins face-off versus Jonathan Toews in Bruins zone.
16:04 of 3rd period - Wrist shot by Tanner Pearson.
16:04 of 3rd period - Shot Misses the Net.
16:06 of 3rd period - Slapshot by Sami Vatanen.
16:06 of 3rd period - Shot Blocked by Jason Demers.
16:08 of 3rd period - Wrist shot by Anders Lee.
16:08 of 3rd period - Flames goal is going for a video replay.
16:08 of 3rd period - The goal is good.
16:08 of 3rd period - Goal by Anders Lee - Bruins : 5 - Flames : 5.
16:09 of 3rd period - David Backes wins face-off versus Jonathan Toews in neutral zone.
16:23 of 3rd period - Off-side.
16:24 of 3rd period - Casey Cizikas wins face-off versus Eric Staal in neutral zone.
16:27 of 3rd period - Snap shot by Jason Demers.
16:27 of 3rd period - Shot Misses the Net.
16:36 of 3rd period - Minor Penalty to Torey Krug for Hooking.
16:37 of 3rd period - Eric Staal wins face-off versus Zack Kassian in Bruins zone.
16:38 of 3rd period - Wrist shot by David Backes.
16:38 of 3rd period - Shot Misses the Net.
16:40 of 3rd period - Slapshot by Sami Vatanen.
16:40 of 3rd period - Shot Blocked by Adam Pelech.
16:42 of 3rd period - Snap shot by Eric Staal.
16:42 of 3rd period - Stopped by Kevin Poulin without a rebound.
16:43 of 3rd period - David Backes wins face-off versus Wojtek Wolski in Bruins zone.
16:46 of 3rd period - Snap shot by Eric Staal.
16:46 of 3rd period - Stopped by Kevin Poulin with a rebound.
17:46 of 3rd period - Snap shot by Erik Johnson.
17:46 of 3rd period - Deflect By Zack Kassian.
17:46 of 3rd period - Stopped by Kevin Poulin with a rebound.
17:48 of 3rd period - Snap shot by Tanner Pearson.
17:48 of 3rd period - Shot Misses the Net.
17:50 of 3rd period - Snap shot by Jimmy Hayes.
17:50 of 3rd period - Shot Misses the Net.
17:52 of 3rd period - Slapshot by Sami Vatanen.
17:52 of 3rd period - Shot Blocked by Zack Kassian.
17:54 of 3rd period - Slapshot by Tanner Pearson.
17:54 of 3rd period - Stopped by Kevin Poulin with a rebound.
18:24 of 3rd period - Jason Demers is hit by Brendan Mikkelson and loses puck.
18:36 of 3rd period - Penalty to Torey Krug is over, Torey Krug is back on ice.
18:37 of 3rd period - Esa Lindell is hit by Jason Demers and loses puck.
18:47 of 3rd period - Icing by Esa Lindell.
18:48 of 3rd period - Casey Cizikas wins face-off versus Colin Wilson in Flames zone.
18:57 of 3rd period - Brad Marchand is hit by Josh Manson.
19:01 of 3rd period - Slapshot by Colin Wilson.
19:01 of 3rd period - Shot Misses the Net.
19:33 of 3rd period - Anders Lee is hit by Jonathan Toews and loses puck.
Goals for this period are 2 for Bruins vs 4 for Flames.
Shots for this period are 6 for Bruins vs 14 for Flames.
Overtime #1
0:01 of 1st overtime period - Wojtek Wolski wins face-off versus Eric Staal in neutral zone.
1:29 of 1st overtime period - Jason Demers is hit by Sami Vatanen and loses puck.
1:40 of 1st overtime period - Eric Staal is hit by Jason Demers and loses puck.
2:03 of 1st overtime period - Esa Lindell is hit by Andrei Kostitsyn and loses puck.
2:40 of 1st overtime period - Sami Vatanen is hit by Andrei Kostitsyn and loses puck.
3:54 of 1st overtime period - Slapshot by Scott Hartnell.
3:54 of 1st overtime period - Stopped by Henrik Lundqvist with a rebound.
3:56 of 1st overtime period - Slapshot by Alex Petrovic.
3:56 of 1st overtime period - Shot Blocked by Christian Folin.
3:58 of 1st overtime period - Wrist shot by Jonathan Toews.
3:58 of 1st overtime period - Stopped by Henrik Lundqvist with a rebound.
4:00 of 1st overtime period - Snap shot by Scott Hartnell.
4:00 of 1st overtime period - Shot Misses the Net.
4:20 of 1st overtime period - David Backes is hit by Matt Read and loses puck.
4:55 of 1st overtime period - Brendan Mikkelson is hit by Jonathan Toews and loses puck.
Goals for this period are 0 for Bruins vs 0 for Flames.
Shots for this period are 2 for Bruins vs 0 for Flames.
ShootOut
5:00 of 1st overtime period - Round #1.
5:00 of 1st overtime period - Bruins, Wojtek Wolski.
5:00 of 1st overtime period - Backhand shot by Wojtek Wolski.
5:00 of 1st overtime period - Stopped by Henrik Lundqvist.
5:00 of 1st overtime period - Flames, Eric Staal.
5:00 of 1st overtime period - Snap shot by Eric Staal.
5:00 of 1st overtime period - Shot Misses the Net.
5:00 of 1st overtime period - Round #2.
5:00 of 1st overtime period - Bruins, Zack Kassian.
5:00 of 1st overtime period - Backhand shot by Zack Kassian.
5:00 of 1st overtime period - Stopped by Henrik Lundqvist.
5:00 of 1st overtime period - Flames, Alexander Semin.
5:00 of 1st overtime period - Snap shot by Alexander Semin.
5:00 of 1st overtime period - Goal by Alexander Semin.
5:00 of 1st overtime period - Round #3.
5:00 of 1st overtime period - Bruins, Jonathan Toews.
5:00 of 1st overtime period - Deke by Jonathan Toews.
5:00 of 1st overtime period - Stopped by Henrik Lundqvist.